 Dungeon Crawl Stone Soup version 0.28.0-43-g3370ac3207 (webtiles) character file.

Game seed: 9718333899191800906

33 terff the Skirmisher (level 3, -3/33 HPs)
             Began as a Hill Orc Fighter on Apr 1, 2022.
             Slain by Sigmund
             ... wielding a +1 scythe of freezing
              (10 damage)
             ... on level 2 of the Dungeon.
             The game lasted 00:01:49 (1354 turns).

terff the Skirmisher (Hill Orc Fighter)             Turns: 1354, Time: 00:01:49

Health: -3/33      AC:  7    Str: 18    XL:     3   Next: 29%
Magic:  3/3        EV:  9    Int:  8    God:
Gold:   47         SH:  4    Dex: 12    Spells: 2/2 levels left

rFire   . . .      SeeInvis .   a - +0 war axe
rCold   . . .      Faith    .   c - +0 buckler
rNeg    . . .      Spirit   .   b - +0 scale mail
rPois   .          Reflect  .   (no helmet)
rElec   .          Harm     .   (no cloak)
rCorr   .          Rampage  .   (no gloves)
Will    .....                   (no boots)
Stlth   ..........              (no amulet)
HPRegen 0.11/turn               (no ring)
MPRegen 0.08/turn               (no ring)

@: mighty
A: no striking features
a: no special abilities


You were on level 2 of the Dungeon.
You visited 1 branch of the dungeon, and saw 2 of its levels.

You collected 47 gold pieces.

Inventory:

Hand Weapons
 a - a +0 war axe (weapon)
Armour
 b - a +0 scale mail (worn)
 c - a +0 buckler (worn)
Jewellery
 h - a ring of fire
Potions
 d - a potion of might
 e - a potion of invisibility {unknown}
 g - a potion of flight {unknown}


   Skills:
 + Level 3.9 Fighting
 + Level 3.2 Axes
 + Level 3.9 Armour
 + Level 0.1 Dodging
 + Level 3.6 Shields


You had 2 spell levels left.
You didn't know any spells.
Your spell library was empty.

Dungeon Overview and Level Annotations

Branches:
Dungeon (2/15)

Altars:

Annotations:
D:2 Sigmund, Terence


Message History

You closely miss the quokka.
The quokka is moderately wounded.
You block the quokka's attack.
The quokka bites you but does no damage.
You closely miss the quokka.
The quokka is moderately wounded.
The quokka completely misses you.
The quokka bites you but does no damage.
You slash the quokka!
You kill the quokka!
There is a stone staircase leading down, spattered with blood here.
You start resting.
HP restored.
You feel very mighty all of a sudden.
You climb downwards.
Level annotation: Sigmund, Terence Terence shouts!
The bat closely misses you.
There is a stone staircase leading up here.
The bat barely misses you. Sigmund barely misses you.
The bat closely misses you.
You hit Terence but do no damage. You closely miss the bat.
The bat hits you but does no damage. Terence hits you with a +0 mace.
Sigmund points at you and mumbles some strange words.
The puff of flame hits you! You block Terence's attack.
You completely miss Terence. You slash the bat!
You kill the bat!
Sigmund barely misses you. Terence hits you but does no damage.
A quokka comes into view.
You slash Terence!
Terence is severely wounded.
Terence barely misses you.
Sigmund hits you from afar with a +1 scythe of freezing!
Sigmund freezes you.
* * * LOW HITPOINT WARNING * * *
You hit Terence.
Terence is severely wounded.
Terence closely misses you.
Sigmund hits you from afar with a +1 scythe of freezing!
You die...

...# #.......
.... .......
#..##.....
#.......#
+r......+
#..@....#
#..@....# #
#...@.###...#
##...<.......
#...........
##:....[....
#..(.......
#..........
#..........
#..........
#........[.


You could see Sigmund, Terence and a quokka.

Vanquished Creatures
  A dart slug (D:1)
  4 endoplasms (D:1)
  A giant cockroach (D:2)
  A goblin (D:1)
  3 hobgoblins (D:1)
  6 jackals (D:1)
  3 kobolds (D:1)
  2 quokkas (D:1)
  4 bats
25 creatures vanquished.

Notes
Turn   | Place    | Note
-------+----------+-------------------------------------------
     0 | D:1      | terff the Hill Orc Fighter began the quest for the Orb.
     0 | D:1      | Reached XP level 1. HP: 19/19 MP: 1/1
   269 | D:1      | Reached XP level 2. HP: 27/27 MP: 2/2
   315 | D:1      | Found a faded altar of an unknown god.
   771 | D:1      | Reached XP level 3. HP: 32/33 MP: 3/3
  1234 | D:2      | Noticed Sigmund
  1239 | D:2      | Noticed Terence
  1354 | D:2      | Slain by Sigmund

Illustrated notes

Levels and vault maps discovered:
D:1:      giann_horns, layout_basic, hellmonk_ecumenical_altar_dog_temple,
          hex_intersection, minmay_misc_feat_hallway
D:2:      layout_basic, minmay_tromino_v4_b, uniq_robin, uniq_sigmund,
          uniq_terence

Skill      XL: |  1  2  3 |
---------------+----------+-----
Axes           | 3 |  3.2
Fighting       | |  3.9
Armour         | |  3.9
Dodging        | |  0.1
Shields        | |  3.6

Action                   || total
-------------------------++-------
Melee: War axe           ||    67
  Use: Scroll            ||     1
       Potion            ||     1
Armor: Scale mail        ||    43
Dodge: Dodged            ||    59
Block: Buckler           ||    17
